[Event "41st Amateur D7"]
[Site "ChessGUI4"]
[Date "2013.07.06"]
[Round "11.1"]
[White "Carballo 0.8"]
[Black "Gibbon 2.57a 64-bit"]
[Result "1-0"]
[BlackElo "2251"]
[ECO "D38"]
[EventDate "2013.??.??"]
[TimeControl "40/1500:40/1500:40/1500"]
[WhiteElo "2273"]

{ i5 Quad } 1.d4 Nf6 2.c4 e6 3.Nf3 d5 4.Nc3 Bb4 5.cxd5 exd5 6.Bg5 h6 7.Bxf6 Qxf6 8.Qa4+ Nc6 9.e3 O-O
{ [%eval -8,14] [%emt 0:01:49] (O-O) } 10.Qb3
{ [%eval -4,13] [%emt 0:00:36] (Be2) } 10...Qg6
{ [%eval 16,12] [%emt 0:00:28] (Qg6) } 11.O-O-O
{ [%eval -1,14] [%emt 0:00:35] (Rc1) } 11...Bxc3
{ [%eval 29,13] [%emt 0:00:55] (Bxc3) } 12.bxc3
{ [%eval -6,14] [%emt 0:00:34] (bxc3) } 12...Rb8
{ [%eval 28,13] [%emt 0:00:53] (Rd8) } 13.Qxd5
{ [%eval 54,15] [%emt 0:00:33] (h3) } 13...Be6
{ [%eval 23,15] [%emt 0:01:15] (Be6) } 14.Qc5
{ [%eval 55,14] [%emt 0:00:32] (Qb5) } 14...Bxa2
{ [%eval 34,12] [%emt 0:00:22] (Bxa2) } 15.Kb2
{ [%eval 55,12] [%emt 0:00:32] (Nd2) } 15...Be6
{ [%eval 41,11] [%emt 0:00:23] (Rfd8) } 16.d5
{ [%eval 86,12] [%emt 0:00:31] (d5) } 16...Bg4
{ [%eval 27,13] [%emt 0:00:50] (Rbd8) } 17.Be2
{ [%eval 109,12] [%emt 0:00:30] (Be2) } 17...Qf5
{ [%eval 21,13] [%emt 0:00:39] (Qh5) } 18.h3
{ [%eval 128,13] [%emt 0:00:29] (Qc4) } 18...Bxf3
{ [%eval 20,13] [%emt 0:00:32] (Bxf3) } 19.gxf3
{ [%eval 128,12] [%emt 0: 00:29] (gxf3) } 19...Rfe8
{ [%eval 14,13] [%emt 0:00:48] (Qh5) } 20.Rhg1
{ [%eval 132, 13] [%emt 0:00:28] (e4) } 20...Rbd8
{ [%eval 29,12] [%emt 0:00:35] (Rbd8) } 21.e4
{ [%eval 115,12] [%emt 0:00:27] (e4) } 21...Qe5
{ [%eval 19,12] [%emt 0:00:15] (Qe5) } 22.Bd3
{ [%eval 127,12] [%emt 0:00:26] (Bd3) } 22...Ne7
{ [%eval 24,12] [%emt 0:00:21] (Ne7) } 23.Qxa7
{ [%eval 107,12] [%emt 0:00:26] (Qxa7) } 23...Qh2
{ [%eval 32,12] [%emt 0:00:34] (Ng6) } 24.Rg3
{ [%eval 120,12] [%emt 0:00:25] (Rg3) } 24...Ra8
{ [%eval 0,12] [%emt 0:00:22] (Rd6) } 25.Qc5
{ [%eval 126,12] [%emt 0:00:24] (Qd4) } 25...b6
{ [%eval 16,11] [%emt 0:00:16] (Ng6) } 26.Qd4
{ [%eval 149,14] [%emt 0:00: 24] (Qd4) } 26...g6
{ [%eval -43,12] [%emt 0:00:29] (Ng6) } 27.Rf1
{ [%eval 201,14] [%emt 0:00:23] (Rf1) } 27...Ra7
{ [%eval -92,12] [%emt 0:00:14] (h5) } 28.d6
{ [%eval 247,13] [%emt 0:00:23] (d6) } 28...cxd6
{ [%eval -198,13] [%emt 0:00:25] (cxd6) } 29.Qxd6
{ [%eval 242,14] [%emt 0:00:22] (Qxd6) } 29...Kh7
{ [%eval -200,14] [%emt 0:00:21] (Kh7) } 30.Bc4
{ [%eval 260,13] [%emt 0:00:21] (Bc4) } 30...Rf8
{ [%eval -209,13] [%emt 0:00:10] (g5) } 31.Rxg6
{ [%eval 261,15] [%emt 0:00:21] (Rxg6) } 31...Qxd6
{ [%eval -268,14] [%emt 0:00:18] (Qxd6) } 32.Rxd6
{ [%eval 268,14] [%emt 0:00:20] (Rxd6) } 32...Nc8
{ [%eval -302,15] [%emt 0:00:44] (Ng6) } 33.Rc6
{ [%eval 277,12] [%emt 0:00:20] (Rc6) } 33...b5
{ [%eval -254,14] [%emt 0:00:07] (Rd8) } 34.Bd3
{ [%eval 305,13] [%emt 0:00:19] (Bxb5) } 34...Rd8
{ [%eval -313,14] [%emt 0:00:07] (Ne7) } 35.Bc2
{ [%eval 289,14] [%emt 0:00:19] (Bc2) } 35...Kg7
{ [%eval -368,14] [%emt 0: 00:12] (Ne7) } 36.Rg1+
{ [%eval 331,15] [%emt 0:00:18] (Rg1) } 36...Kf8
{ [%eval -385, 17] [%emt 0:00:12] (Kf8) } 37.Rd1
{ [%eval 327,15] [%emt 0:00:18] (Rd1) } 37...Re8
{ [%eval -402,16] [%emt 0:00:16] (Ke7) } 38.Rxh6
{ [%eval 382,13] [%emt 0:00:17] (Rxh6) } 38...Kg7
{ [%eval -400,15] [%emt 0:00:14] (Kg7) } 39.Rh5
{ [%eval 386,13] [%emt 0:00:17] (Rh5) } 39...Rb7
{ [%eval -403,14] [%emt 0:00:08] (Rb7) } 40.Rg1+
{ [%eval 387,11] [%emt 0:00:17] (f4) } 40...Kf8
{ [%eval -422,16] [%emt 0:00:21] (Kf8) } 41.Bb3
{ [%eval 382,14] [%emt 0:00:54] (Rh8) } 41...Nd6
{ [%eval -431,16] [%emt 0:01: 12] (Nd6) } 42.h4
{ [%eval 374,13] [%emt 0:00:52] (Ka3) } 42...Rb6
{ [%eval -393,13] [%emt 0:00:24] (Nc4) } 43.Rgg5
{ [%eval 377,13] [%emt 0:00:51] (Kc2) } 43...Reb8
{ [%eval -472,15] [%emt 0:01:18] (Ke7) } 44.Bd5
{ [%eval 389,14] [%emt 0:00:50] (Bd5) } 44...Ke7
{ [%eval -462,15] [%emt 0:00:30] (Ke7) } 45.Kb3
{ [%eval 415,14] [%emt 0:00:48] (Rh7) } 45...b4
{ [%eval -458,15] [%emt 0:00:32] (Nc4) } 46.c4
{ [%eval 452,14] [%emt 0:00:47] (c4) } 46...Ra6
{ [%eval -554,15] [%emt 0:00:34] (Nb7) } 47.c5
{ [%eval 493,15] [%emt 0:00:46] (c5) } 47...Nb5
{ [%eval -583,15] [%emt 0:01:38] (Nb5) } 48.Re5+
{ [%eval 493,15] [%emt 0:00:45] (13) } 48...Kd7
{ [%eval -575,15] [%emt 0:00:36] (Kd7) } 49.c6+
{ [%eval 498,15] [%emt 0:00:44] (Bc4) } 49...Kd6
{ [%eval -498,16] [%emt 0:00:49] (Kd6) } 50.Bc4
{ [%eval 500,16] [%emt 0:00:43] (Bc4) } 1-0

[Event "41st Amateur D7"]
[Site "ChessGUI4"]
[Date "2013.07.06"]
[Round "11.2"]
[White "Waxman 2011"]
[Black "Butcher 1.64 64-bit"]
[Result "1/2-1/2"]
[BlackElo "2355"]
[ECO "D38"]
[EventDate "2013.??.??"]
[TimeControl "40/1500:40/1500:40/1500"]
[WhiteElo "2256"]

{ i5 Quad } 1.d4 Nf6 2.c4 e6 3.Nf3 d5 4.Nc3 Bb4 5.cxd5 exd5 6.Bg5 h6 7.Bxf6 Qxf6 8.Qa4+ Nc6 9.e3 O-O
{ [%eval -51,11] [%emt 0:01:06] (O-O) } 10.Bb5
{ [%eval -19,12] [%emt 0:00:42] (Ne5) } 10...Bxc3+
{ [%eval -38,11] [%emt 0:00:59] (Bxc3) } 11.bxc3
{ [%eval -7,11] [%emt 0:00:12] (bxc3) } 11...Bg4
{ [%eval -45,12] [%emt 0:00:59] (Ne7) } 12.Be2
{ [%eval -20,12] [%emt 0:01:24] (Bxc6) } 12...Rfe8
{ [%eval -34,11] [%emt 0:00:58] (Rab8) } 13.O-O
{ [%eval -10,12] [%emt 0:01:09] (Qd1) } 13...Rad8
{ [%eval -27,11] [%emt 0:01:04] (Ne7) } 14.c4
{ [%eval -2,12] [%emt 0:00:44] (Qd1) } 14...dxc4
{ [%eval -44,10] [%emt 0:01:03] (dxc4) } 15.Rab1
{ [%eval 2,12] [%emt 0:00:40] (Qxc4) } 15...b6
{ [%eval -37,11] [%emt 0:01:02] (b6) } 16.Qxc4
{ [%eval -2,12] [%emt 0:00:42] (Qxc4) } 16...Re7
{ [%eval -33, 11] [%emt 0:01:01] (Bf5) } 17.Rfc1
{ [%eval 7,12] [%emt 0:00:40] (Rfd1) } 17...Rd6
{ [%eval -38,10] [%emt 0:01:00] (Na5) } 18.Qa6
{ [%eval 29,11] [%emt 0:01:13] (Qa4) } 18...Re8
{ [%eval 0,11] [%emt 0:01:42] (Kf8) } 19.Qb7
{ [%eval 65,11] [%emt 0: 00:49] (Qb7) } 19...Bf5
{ [%eval 0,10] [%emt 0:00:54] (Kh8) } 20.Rb2
{ [%eval 44,11] [%emt 0:00:38] (Rb5) } 20...Re7
{ [%eval 2,11] [%emt 0:00:54] (Re7) } 21.Qa8+
{ [%eval 47,12] [%emt 0:01:16] (Qa8) } 21...Kh7
{ [%eval 0,10] [%emt 0:00:45] (Kh7) } 22.a4
{ [%eval 23,12] [%emt 0:00:56] (Bb5) } 22...Bg6
{ [%eval -4,10] [%emt 0:00:45] (a5) } 23.h3
{ [%eval 38,11] [%emt 0:00:36] (Bb5) } 23...a5
{ [%eval -13,11] [%emt 0:00:44] (a5) } 24.Ne1
{ [%eval 6,10] [%emt 0:00:40] (Bd1) } 24...Nb4
{ [%eval -29,11] [%emt 0: 00:43] (Nb4) } 25.Qf3
{ [%eval -9,11] [%emt 0:00:34] (Qf3) } 25...Be4
{ [%eval -25,11] [%emt 0:00:43] (Qg5) } 26.Qxf6
{ [%eval -14,12] [%emt 0:00:44] (Qxf6) } 26...Rxf6
{ [%eval -22,12] [%emt 0:00:42] (Rxf6) } 27.Rb3
{ [%eval -14,12] [%emt 0:00:36] (Rd1) } 27...Rc6
{ [%eval -30,12] [%emt 0:00:42] (Na2) } 28.Rbc3
{ [%eval -6,14] [%emt 0:00:32] (Rxc6) } 28...Rxc3
{ [%eval -27,12] [%emt 0:00:40] (Rxc3) } 29.Rxc3
{ [%eval -2,13] [%emt 0:00:22] (Rxc3) } 29...Bc6
{ [%eval -24,12] [%emt 0:00:40] (Kg8) } 30.Bd1
{ [%eval -3,14] [%emt 0:00:34] (Bd1) } 30...Bd5
{ [%eval -21,12] [%emt 0:00:38] (Be4) } 31.Nd3
{ [%eval 0,14] [%emt 0:00:40] (Kh2) } 31...g5
{ [%eval -18,12] [%emt 0:00:38] (Na2) } 32.Bg4
{ [%eval 0,14] [%emt 0:00:33] (Kh2) } 32...Be4
{ [%eval -23,12] [%emt 0: 00:32] (Kg7) } 33.Ne5
{ [%eval -3,14] [%emt 0:00:37] (Ne5) } 33...f6
{ [%eval -14,12] [%emt 0:00:28] (Kg7) } 34.Bf3
{ [%eval -3,14] [%emt 0:00:36] (Bf3) } 34...Bxf3
{ [%eval -9,13] [%emt 0:00:28] (Bxf3) } 35.Nxf3
{ [%eval -3,14] [%emt 0:00:36] (Nxf3) } 35...Kg6
{ [%eval -9,13] [%emt 0:00:28] (h5) } 36.Nd2
{ [%eval 0,14] [%emt 0: 00:46] (g4) } 36...Na2
{ [%eval -16,13] [%emt 0:00:26] (h5) } 37.Rc4
{ [%eval 0,16] [%emt 0:00:39] (Ra3) } 37...Nb4
{ [%eval -8,13] [%emt 0:00:22] (Nb4) } 38.g3
{ [%eval 0,15] [%emt 0:00:42] (g4) } 38...Nd3
{ [%eval -11,12] [%emt 0:00:21] (h5) } 39.Rc3
{ [%eval 1,14] [%emt 0:00:21] (Rc3) } 39...Nb2
{ [%eval -15,13] [%emt 0:00:20] (Nb2) } 40.Ra3
{ [%eval 0,14] [%emt 0:00:24] (Ra3) } 40...h5
{ [%eval -1,12] [%emt 0:00:18] (c5) } 41.Kf1
{ [%eval 0,14] [%emt 0:00:33] (Kf1) } 41...c5
{ [%eval 0,14] [%emt 0:00: 50] (c5) } 42.Ra2
{ [%eval 0,15] [%emt 0:00:22] (Ra2) } 42...Nd3
{ [%eval 0,14] [%emt 0:00:49] (Nd3) } 43.Ra3
{ [%eval 0,16] [%emt 0:00:29] (Ra3) } 43...Nb2
{ [%eval 0,14] [%emt 0:00:49] (Nb2) } 44.Ra2
{ [%eval 0,16] [%emt 0:01:18] (Ra2) } 44...Nd3 45.Ra3 { [%eval 0,16] [%emt 0:00:28] (Ra3) }
45...Nb2 1/2-1/2

[Event "41st Amateur D7"]
[Site "ChessGUI4"]
[Date "2013.07.06"]
[Round "11.3"]
[White "ProChess 1.02AD"]
[Black "Tigran 2.3 64-bit"]
[Result "0-1"]
[BlackElo "2289"]
[ECO "A11"]
[EventDate "2013.??.??"]
[TimeControl "40/1500:40/1500:40/1500"]
[WhiteElo "2244"]

{ i5 Quad } 1.c4 c6 2.Nf3 d5 3.e3 Nf6 4.b3 Bf5 5.Bb2 e6 6.Nc3 h6 7.Be2 Nbd7 8.O-O Be7 9.d4 O-O
{ [%eval -6,13] [%emt 0: 00:42] (Bb4) } 10.Bd3
{ [%eval 5,12] [%emt 0:00:47] (Bd3) } 10...Bxd3
{ [%eval -3,13] [%emt 0:00:42] (Bb4) } 11.Qxd3
{ [%eval 11,13] [%emt 0:02:30] (Qxd3) } 11...Qa5
{ [%eval -2,13] [%emt 0:00:36] (Qc7) } 12.c5
{ [%eval 16,11] [%emt 0:00:53] (Rfd1) } 12...b6
{ [%eval 23,13] [%emt 0:00:42] (b6) } 13.cxb6
{ [%eval 13,13] [%emt 0:01:17] (cxb6) } 13...axb6
{ [%eval 27,14] [%emt 0:00:34] (Qxb6) } 14.Ne5
{ [%eval 15,12] [%emt 0:01:19] (a4) } 14...Nxe5
{ [%eval 64,14] [%emt 0:00:43] (Nxe5) } 15.dxe5
{ [%eval 10,12] [%emt 0:00:41] (dxe5) } 15...Nd7
{ [%eval 64,12] [%emt 0:00:43] (Nd7) } 16.f4
{ [%eval 10,11] [%emt 0:00:27] (Ne2) } 16...b5
{ [%eval 89,12] [%emt 0:00:34] (b5) } 17.Ne2
{ [%eval 7,11] [%emt 0:01:22] (Rfd1) } 17...Nc5
{ [%eval 92,14] [%emt 0: 00:44] (c5) } 18.Qc2
{ [%eval 7,13] [%emt 0:00:39] (Qc2) } 18...Ne4
{ [%eval 97,13] [%emt 0:00:41] (Ne4) } 19.Nc3
{ [%eval 2,12] [%emt 0:00:38] (Nc3) } 19...Nxc3
{ [%eval 100,14] [%emt 0:00:45] (Nxc3) } 20.Bxc3
{ [%eval 0,13] [%emt 0:02:06] (Qxc3) } 20...b4
{ [%eval 100,14] [%emt 0:00:45] (Qb6) } 21.Be1
{ [%eval -1,12] [%emt 0:00:38] (Be1) } 21...Qa6
{ [%eval 104,13] [%emt 0:00:45] (Bc5) } 22.Bg3
{ [%eval 0,12] [%emt 0:00:40] (Bd2) } 22...c5
{ [%eval 109,14] [%emt 0:00:45] (c5) } 23.Rfc1
{ [%eval 0,11] [%emt 0:01:03] (e4) } 23...c4
{ [%eval 155,13] [%emt 0:00:45] (Rfc8) } 24.bxc4
{ [%eval -13,12] [%emt 0:00:47] (f5) } 24...Rfc8
{ [%eval 179,13] [%emt 0:00:46] (Rfc8) } 25.Qb2
{ [%eval -17,11] [%emt 0:00:26] (Rd1) } 25...dxc4
{ [%eval 222,14] [%emt 0:00:46] (dxc4) } 26.Qb1
{ [%eval -23,11] [%emt 0:00:24] (Be1) } 26...c3
{ [%eval 239,13] [%emt 0:00:46] (c3) } 27.Be1
{ [%eval -51,11] [%emt 0:00:57] (f5) } 27...Qe2
{ [%eval 285,14] [%emt 0:00:46] (Qe2) } 28.Bf2
{ [%eval -107,12] [%emt 0: 00:11] (Bf2) } 28...c2
{ [%eval 351,15] [%emt 0:00:47] (c2) } 29.Qb2
{ [%eval -150,12] [%emt 0:00:39] (Qb2) } 29...Rd8
{ [%eval 355,14] [%emt 0:00:40] (Ra3) } 30.Re1
{ [%eval -206,11] [%emt 0:00:12] (Re1) } 30...Rd1
{ [%eval 376,15] [%emt 0:00:48] (Rd1) } 31.Raxd1
{ [%eval -277,12] [%emt 0:00:43] (Raxd1) } 31...Qxd1
{ [%eval 389,15] [%emt 0:00:49] (Qxd1) } 32.g3
{ [%eval -281,11] [%emt 0:00:11] (h3) } 32...Bc5
{ [%eval 538, 14] [%emt 0:00:49] (b3) } 33.Kg2
{ [%eval -276,10] [%emt 0:00:09] (Rf1) } 33...Bxe3
{ [%eval 753,15] [%emt 0:00:49] (Qd2) } 34.Qb3
{ [%eval -497,12] [%emt 0:00:33] (Bxe3) } 34...Qxe1
{ [%eval 1125,15] [%emt 0:00:51] (Qxe1) } 35.Bxe1
{ [%eval -785,13] [%emt 0:00:14] (Bxe1) } 35...c1=Q
{ [%eval 1212,15] [%emt 0:00:45] (c1=Q) } 36.Bxb4
{ [%eval -897,12] [%emt 0:00:17] (Bxb4) } 36...Qg1+
{ [%eval 1212,13] [%emt 0:00:54] (Qg1) } 37.Kf3
{ [%eval -1053,12] [%emt 0:00:11] (Kf3) } 0-1

[Event "41st Amateur D7"]
[Site "ChessGUI4"]
[Date "2013.07.06"]
[Round "11.4"]
[White "MadChess 1.2"]
[Black "FireFly 2.6.0 64-bit"]
[Result "0-1"]
[BlackElo "2258"]
[ECO "A62"]
[EventDate "2013.??.??"]
[TimeControl "40/1500:40/1500:40/1500"]
[WhiteElo "2200"]

{ i5 Quad } 1.d4 Nf6 2.c4 e6 3.Nf3 c5 4.d5 d6 5.Nc3 exd5 6.cxd5 g6 7.g3 Bg7 8.Bg2 O-O 9.O-O Re8
{ [%eval -44,11] [%emt 0:00: 57] (Re8) } 10.Bf4
{ [%eval 12,10] [%emt 0:00:42] (Re1) } 10...Ne4
{ [%eval -36,11] [%emt 0:00:56] (Na6) } 11.Nxe4
{ [%eval 14,11] [%emt 0:00:22] (Nxe4) } 11...Rxe4
{ [%eval -50,12] [%emt 0:00:56] (Rxe4) } 12.Nd2
{ [%eval 31,12] [%emt 0:00:29] (Ng5) } 12...Rb4
{ [%eval -32,12] [%emt 0:00:55] (Rb4) } 13.a3
{ [%eval 35,13] [%emt 0: 00:31] (a3) } 13...Rxf4
{ [%eval -28,13] [%emt 0:00:54] (Rxf4) } 14.gxf4
{ [%eval 28, 13] [%emt 0:00:26] (gxf4) } 14...Bxb2
{ [%eval -25,12] [%emt 0:00:44] (Bxb2) } 15.Ra2
{ [%eval 19,13] [%emt 0:00:44] (Ra2) } 15...Bg7
{ [%eval -22,12] [%emt 0:00:44] (Bg7) } 16.Ne4
{ [%eval 13,12] [%emt 0:00:46] (Qb3) } 16...Qc7
{ [%eval 21,12] [%emt 0:00:44] (Na6) } 17.Rc2
{ [%eval 12,10] [%emt 0:00:28] (Qb3) } 17...Bf5
{ [%eval 48,12] [%emt 0: 00:43] (Nd7) } 18.e3
{ [%eval -3,12] [%emt 0:01:00] (Qd3) } 18...Nd7
{ [%eval 55,12] [%emt 0:00:43] (Nd7) } 19.Qd3
{ [%eval -5,11] [%emt 0:00:21] (Qd3) } 19...Nb6
{ [%eval 56,12] [%emt 0:00:42] (Nb6) } 20.Rfc1
{ [%eval -21,12] [%emt 0:01:07] (Qd2) } 20...Rc8
{ [%eval 58,12] [%emt 0:00:42] (Qe7) } 21.Qd2
{ [%eval -21,10] [%emt 0:00:30] (Qd2) } 21...Qe7
{ [%eval 68,12] [%emt 0:00:42] (Re8) } 22.Qd3
{ [%eval -38, 11] [%emt 0:00:35] (f3) } 22...Re8
{ [%eval 85,13] [%emt 0:00:41] (Re8) } 23.f3
{ [%eval -80,12] [%emt 0:00:42] (f3) } 23...Bd7
{ [%eval 103,12] [%emt 0:00:41] (Bd7) } 24.Re2
{ [%eval -80,12] [%emt 0:00:30] (Re2) } 24...f5
{ [%eval 112,12] [%emt 0:00:40] (a6) } 25.Nc3
{ [%eval -119,11] [%emt 0:00:27] (Nc3) } 25...Qf7
{ [%eval 124,13] [%emt 0:00:40] (Qf7) } 26.Rce1
{ [%eval -156,11] [%emt 0:00:38] (Rd1) } 26...Bxc3
{ [%eval 140,13] [%emt 0:00:40] (h5) } 27.Qxc3
{ [%eval -148,13] [%emt 0:00:42] (Qxc3) } 27...Nxd5
{ [%eval 144,13] [%emt 0:00:39] (Nxd5) } 28.Qd2
{ [%eval -150,12] [%emt 0: 00:27] (Qd2) } 28...Bb5
{ [%eval 132,13] [%emt 0:00:39] (Bc6) } 29.Rf2
{ [%eval -107, 13] [%emt 0:00:43] (Rf2) } 29...Qe6
{ [%eval 124,12] [%emt 0:00:38] (Qe6) } 30.e4
{ [%eval -129,12] [%emt 0:00:52] (e4) } 30...Nf6
{ [%eval 111,12] [%emt 0:00:38] (Nf6) } 31.Qc3
{ [%eval -126,11] [%emt 0:00:34] (e5) } 31...Nh5
{ [%eval 138,11] [%emt 0:00: 37] (Nh5) } 32.Qe3
{ [%eval -141,11] [%emt 0:01:32] (Qc1) } 32...b6
{ [%eval 138,11] [%emt 0:00:36] (Bc6) } 33.Rc2
{ [%eval -153,10] [%emt 0:00:25] (e5) } 33...Nf6
{ [%eval 152,11] [%emt 0:00:36] (d5) } 34.Qc3
{ [%eval -182,10] [%emt 0:00:43] (Qd2) } 34...d5
{ [%eval 178,12] [%emt 0:00:35] (d5) } 35.e5
{ [%eval -194,12] [%emt 0: 00:35] (Rb2) } 35...d4
{ [%eval 182,13] [%emt 0:00:35] (d4) } 36.Qd2
{ [%eval -191,13] [%emt 0:00:46] (Qd2) } 36...Nd5
{ [%eval 182,13] [%emt 0:00:34] (Nd5) } 37.Rcc1
{ [%eval -205,12] [%emt 0:00:37] (Rb2) } 37...Ne3
{ [%eval 182,12] [%emt 0:00:33] (h6) } 38.Rxe3
{ [%eval -161,14] [%emt 0:01:08] (Rb1) } 38...dxe3
{ [%eval 208,13] [%emt 0: 00:26] (dxe3) } 39.Qxe3
{ [%eval -154,14] [%emt 0:01:17] (Qxe3) } 39...Rd8
{ [%eval 205,12] [%emt 0:00:26] (Qd5) } 40.Bf1
{ [%eval -176,13] [%emt 0:01:01] (Re1) } 40...Bxf1
{ [%eval 248,12] [%emt 0:00:26] (Bxf1) } 41.Kxf1
{ [%eval -212,14] [%emt 0: 01:02] (Rxf1) } 41...Kf7
{ [%eval 276,12] [%emt 0:00:35] (Qa2) } 42.Rc2
{ [%eval -180, 12] [%emt 0:00:49] (Rc2) } 42...Rd1+
{ [%eval 302,13] [%emt 0:00:35] (Rd1) } 43.Kg2
{ [%eval -187,14] [%emt 0:00:52] (Kg2) } 43...Qd5
{ [%eval 302,12] [%emt 0:00:35] (Qd5) } 44.Qe2
{ [%eval -184,13] [%emt 0:01:05] (Qe2) } 44...Rd3
{ [%eval 352,12] [%emt 0:00: 22] (Rd3) } 45.a4
{ [%eval -235,12] [%emt 0:01:09] (h4) } 45...c4
{ [%eval 367,12] [%emt 0:00:22] (c4) } 46.Kg3
{ [%eval -263,14] [%emt 0:01:05] (a5) } 46...Ke6
{ [%eval 356,12] [%emt 0:00:22] (c3) } 47.Rc1
{ [%eval -253,12] [%emt 0:00:36] (h4) } 47...h5
{ [%eval 361,12] [%emt 0:00:32] (c3) } 48.h4
{ [%eval -251,14] [%emt 0: 02:39] (h4) } 48...Qe4
{ [%eval 354,12] [%emt 0:00:23] (Ke7) } 49.Qf1
{ [%eval -226,13] [%emt 0:00:33] (Rc2) } 49...c3
{ [%eval 364,12] [%emt 0:00:23] (Kf7) } 50.Rd1
{ [%eval -244,14] [%emt 0:00:27] (Rd1) } 50...Rxd1
{ [%eval 408,14] [%emt 0:00:23] (Rxd1) } 51.Qxd1
{ [%eval -284,16] [%emt 0:00:45] (Qxd1) } 51...Qd5
{ [%eval 413,14] [%emt 0:00:23] (Qd5) } 52.Qc2
{ [%eval -180,15] [%emt 0:00:50] (Qc2) } 52...Qc5
{ [%eval 422,14] [%emt 0:00:24] (Qd2) } 53.Kg2
{ [%eval -286,14] [%emt 0:00:48] (Kg2) } 53...Qd4
{ [%eval 415,13] [%emt 0:00:24] (Ke7) } 54.Qb3+
{ [%eval -262,14] [%emt 0:00:22] (Qb3) } 54...Ke7
{ [%eval 422,12] [%emt 0:00:24] (Ke7) } 55.Kh3
{ [%eval -233,13] [%emt 0:00:19] (Qa3) } 55...Qc5
{ [%eval 704,14] [%emt 0:00:33] (a5) } 56.Qg8
{ [%eval -253,15] [%emt 0:00:45] (Qc2) } 56...c2
{ [%eval 956,13] [%emt 0:00: 43] (Qc6) } 57.Qg7+
{ [%eval -521,14] [%emt 0:00:18] (Qg7) } 57...Kd8
{ [%eval 1060,13] [%emt 0:00:38] (Kd8) } 58.e6
{ [%eval -437,15] [%emt 0:00:33] (e6) } 58...Qc6
{ [%eval 1260,13] [%emt 0:00:51] (Qc6) } 59.e7+
{ [%eval -650,14] [%emt 0:00:22] (e7) } 59...Kd7
{ [%eval 1315,13] [%emt 0:00:24] (Kd7) } 60.Qd4+
{ [%eval -1051,14] [%emt 0:00:18] (Qe5) } 60...Kxe7
{ [%eval 1406,12] [%emt 0:00:25] (Kxe7) } 61.Qg7+
{ [%eval -1172,16] [%emt 0:00:53] (Qg7) } 61...Kd8
{ [%eval 1554,13] [%emt 0:00:25] (Ke8) } 62.Qf8+
{ [%eval -1254,15] [%emt 0:00:28] (Qf8) } 0-1